[Event "FIDE WY-U16 Olympiad 2022"]
[Site "Nakhchivan"]
[Date "2022.10.03"]
[Round "2.19"]
[White "Castillo Beitia, Ashley Alexandra"]
[Black "Han, Xuqian Ben"]
[Result "1-0"]
[ECO "E87"]
[WhiteElo "1674"]
[BlackElo "1610"]
[Annotator "NA RC COMBH"]
[PlyCount "83"]
[EventDate "2022.10.02"]
[EventType "team-tourn"]
[EventCountry "AZE"]
[SourceTitle "playchess.com"]
[Source "ChessBase"]
[SourceQuality "1"]
[WhiteTeam "Panama"]
[BlackTeam "Hong Kong"]
[WhiteTeamCountry "PAN"]
[BlackTeamCountry "HKG"]
[TimeControl "40/5400+30:1800+30"]

1. d4 Nf6 2. c4 g6 3. Nc3 Bg7 4. e4 d6 5. f3 O-O 6. Be3 e5 7. d5 Nh5 8. Qd2 f5 9. Bd3 Nd7 10. Nge2 Nc5 11. Bc2 a6 12. b4 Nd7 13. exf5 gxf5 14. O-O-O Ndf6 15. Rdg1 b5 16. Bg5 bxc4 17. g4 fxg4 18. fxg4 Nf4 19. Nxf4 exf4 20. Qxf4 Nxg4 21. Qxg4 Bxg4 22. Bxd8 Bf3 23. Rxg7+ Kxg7 24. Rg1+ Kh8 25. Bxc7 Rf6 26. Rg3 Rg8 27. Bxd6 Rxd6 28. Rxf3 Rg1+ 29. Kb2 Rg2 30. Rh3 h6 31. Rh5 Rf6 32. Ne4 Rf1 33. Rxh6+ Kg7 34. Rc6 Rd1 35. d6 Rd4 36. Kc3 Rd5 37. Kxc4 Re5 38. Kd4 Re8 39. Rc7+ Kf8 40. Bb3 Rb2 41. Rf7+ Kg8 42. Nf6+ 1-0

[Event "FIDE WY-U16 Olympiad 2022"]
[Site "Nakhchivan"]
[Date "2022.10.03"]
[Round "2.20"]
[White "Aydin, Gulenay"]
[Black "Khuslen, Erdenebayar"]
[Result "1-0"]
[ECO "B23"]
[WhiteElo "2109"]
[BlackElo "1439"]
[Annotator "TA"]
[PlyCount "51"]
[EventDate "2022.10.02"]
[EventType "team-tourn"]
[EventCountry "AZE"]
[SourceTitle "playchess.com"]
[Source "ChessBase"]
[SourceQuality "1"]
[WhiteTeam "Turkey"]
[BlackTeam "Mongolia"]
[WhiteTeamCountry "TUR"]
[BlackTeamCountry "MGL"]
[TimeControl "40/5400+30:1800+30"]

1. e4 c5 2. Nc3 e6 3. g3 d5 4. exd5 exd5 5. d4 Nf6 6. Bg5 Be6 {[%emt 0:01:45] B23: Closed Sicilian: Lines without g3.} (6... cxd4 {is more complex.} 7. Bb5+ Nc6 8. Qxd4 Be7) 7. Nge2 Nc6 8. Bg2 cxd4 {[%emt 0:00:54] White is slightly better.} 9. Nxd4 Bb4 10. O-O Bxc3 11. bxc3 O-O 12. Rb1 Nxd4 13. Qxd4 b6 {[%emt 0:01:30] [#]} 14. c4 $146 ({Predecessor:} 14. f4 Rc8 15. f5 Rc4 16. Bxf6 gxf6 17. Qd3 Bc8 18. Bxd5 Rc7 19. Rbd1 Rd7 20. c4 {1-0 (31) Nuri,K (2322)-Malgie,A (1829) Katowice 2014}) 14... dxc4 15. Bxf6 {[%emt 0:02:30] White has more active pieces. The black rooks are badly placed.} gxf6 16. Qh4 {[%emt 0:04:52] And now Rbd1 would win.} f5 {[%emt 0:03:45] Strongly threatening ...Qxh4.} 17. Qh6 ({White must play} 17. Bxa8 $16 Qxh4 18. gxh4 Rxa8 19. Rfd1) 17... Rc8 $11 18. Rbd1 {[%emt 0:04:39][%mdl 1024] White has compensation.} Qe7 19. Rd4 {[%emt 0:06:24] Threatens to win with Re1.} Rfd8 (19... f6 $2 20. Re1 Rfd8 21. Bd5 $1 $18) 20. Rh4 f6 21. Re1 {[%emt 0:00:50] Hoping for Bh3.} Rd6 {[%emt 0:02:22] [#]} (21... Rd7 $11 {keeps the balance.}) 22. Rxe6 $1 $40 {[%emt 0:10:14][%mdl 128] White goes for the king.} Rd1+ $2 (22... Rxe6 $16 23. Bd5 Rcc6) 23. Bf1 $18 Qxe6 24. Qxh7+ Kf8 {[%emt 0:00:06] [#] aiming for ...Qe1.} 25. Qb7 $1 {[%emt 0:03:47] Rh8+ would kill now.} Kg8 {[%emt 0:05:44] Against Rh8+} 26. Rh7 {[%emt 0:00:35] Weighted Error Value: White=0.10 (very precise) /Black=0.65} 1-0

[Event "FIDE WY-U16 Olympiad 2022"]
[Site "Nakhchivan"]
[Date "2022.10.03"]
[Round "2.21"]
[White "Sapenov, Daniyal"]
[Black "Baranciuc, Alexandr"]
[Result "1/2-1/2"]
[ECO "D02"]
[WhiteElo "2276"]
[BlackElo "2184"]
[Annotator "NA RC"]
[PlyCount "66"]
[EventDate "2022.10.02"]
[EventType "team-tourn"]
[EventCountry "AZE"]
[SourceTitle "playchess.com"]
[Source "ChessBase"]
[SourceQuality "1"]
[WhiteTeam "Kazakhstan"]
[BlackTeam "Moldova"]
[WhiteTeamCountry "KAZ"]
[BlackTeamCountry "MDA"]
[TimeControl "40/5400+30:1800+30"]

1. d4 d5 2. Nf3 Nf6 3. c4 e6 4. g3 Bb4+ 5. Bd2 a5 6. Bg2 O-O 7. O-O dxc4 8. e3 b5 9. a4 Bb7 10. axb5 Nbd7 11. Na3 Nb6 12. Qe2 Qe8 13. Bxb4 axb4 14. Nxc4 Qxb5 15. Nfe5 Bd5 16. b3 Bxg2 17. Kxg2 Nfd5 18. Qf3 f6 19. Rxa8 Rxa8 20. Nxb6 cxb6 21. Nc4 Qc6 22. e4 Nc3 23. d5 exd5 24. exd5 Qxd5 25. Qxd5+ Nxd5 26. Rd1 b5 27. Nd6 Nc3 28. Rd4 Ra6 29. Nf5 g6 30. Ne3 Na2 31. Rd7 Nc1 32. Rb7 Nxb3 33. Rxb5 Kf7 1/2-1/2

[Event "FIDE WY-U16 Olympiad 2022"]
[Site "Nakhchivan"]
[Date "2022.10.03"]
[Round "2.21"]
[White "Baghirov, Orkhan"]
[Black "Chen, Max"]
[Result "1/2-1/2"]
[ECO "D72"]
[WhiteElo "1662"]
[BlackElo "2104"]
[Annotator "TA"]
[PlyCount "93"]
[EventDate "2022.10.02"]
[EventType "team-tourn"]
[EventCountry "AZE"]
[TimeControl "40/5400+30:1800+30"]

1. d4 Nf6 2. c4 g6 3. g3 Bg7 4. Bg2 d5 5. cxd5 Nxd5 6. e4 Nb6 7. Ne2 O-O 8. O-O Nc6 9. d5 Na5 10. Nbc3 c6 11. b3 {[%emt 0:11:42] D72: Fianchetto Grünfeld: 5 cxd5 Nxd5 6 e4 Nb6 (without Nf3).} Nd7 {[%emt 0:21:30] [#]} (11... f5 $14) 12. Bb2 $146 ({Predecessor:} 12. Bg5 h6 13. Bf4 c5 14. Rc1 b6 15. a3 g5 16. Be3 Ne5 17. f4 Ng4 18. Bd2 gxf4 19. gxf4 {½-½ (95) Mohota,N (2311)-Padmini,R (2235) New Delhi 2008}) 12... Nf6 13. Qd2 {[%emt 0:07:21] White is better.} b6 14. Rfd1 {[%emt 0:06:00] aiming for dxc6.} Ba6 15. Rac1 (15. e5 $18 Nxd5 16. Nxd5 cxd5 17. Bxd5) 15... Rc8 (15... e6 $16 16. Nf4 cxd5) 16. Nd4 (16. Bh3 $18) 16... cxd5 $16 17. Nxd5 (17. exd5 $142 Qe8 18. Nc6) 17... e6 18. Rxc8 Bxc8 19. Nb4 {[%emt 0:02:13] White has more active pieces. The black rooks are badly placed.} (19. Ne3 $16) 19... Qd7 $2 (19... Bb7 $1 $14) 20. Qe2 (20. e5 $18 {is the precise move to win.}) 20... Rd8 21. e5 Nd5 22. Nxd5 exd5 23. Nc2 $36 {[%emt 0:00:21][%mdl 2048] Keeping Black busy.} Bb7 24. f4 Bf8 25. Ne3 Bc5 26. Bd4 {[%emt 0:00:39] Threatens to win with Bxc5.} Qe7 (26... Be7 $142) 27. Qc2 (27. Bxc5 $16 Qxc5 28. Qe1) 27... Rc8 $2 ({Black should play} 27... Bxd4 $14 28. Rxd4 Nc6 29. Nxd5 Rxd5 30. Rxd5 Nb4) 28. Bxc5 $1 $18 Rxc5 29. Qe2 Rc3 30. Rd4 $2 ({Much less strong is} 30. Nxd5 Qc5+ 31. Qf2 Qxf2+ 32. Kxf2 Rc2+ 33. Kg1 Kf8 $16) (30. Bxd5 $16 {Hoping for Qd2.} Qc5 31. Kf2 (31. Bxb7 Rxe3 32. b4 Qc3 $11)) 30... Qc5 $15 31. Qd2 {[%emt 0:02:08] [#]} Rxb3 32. Kf2 (32. Bxd5 $2 Rxe3 $1 33. Qxe3 Bxd5 $19) 32... Ra3 {[%emt 0:00:41] And now ...Kf8 would win.} 33. Bxd5 Bxd5 (33... Rxe3 $5 34. Bxf7+ Kxf7 35. Qxe3 Qc6 $15) 34. Rxd5 Qc6 (34... Nc4 $11 35. Rxc5 Nxd2) 35. Rd8+ Kg7 36. Rd3 $2 ({White has to play} 36. f5 $18 {White threatens f6+ and mate.} h5 37. e6 Rxe3 38. Qd4+ f6 39. Rd7+ Kh6 40. Qxe3+ g5 41. e7 Qxd7 42. e8=Q Qxf5+ 43. Kg1 Qb1+ 44. Kg2 Qc2+ 45. Qf2 Qxf2+ 46. Kxf2) 36... Qa4 (36... Rxd3 $11 37. Qxd3 Nb7) 37. Rxa3 $14 Qxa3 {[%emt 0:00:04][%mdl 4096] Endgame KQN-KQN} 38. f5 $1 {[%emt 0:00:40] Strongly threatening f6+.} h5 $2 {[%emt 0:00:55] [#]} ({Better is} 38... Nc6 $14) 39. fxg6 $2 (39. f6+ $1 $18 Kg8 40. Qd8+ Qf8 41. Qd7) 39... fxg6 {[%emt 0:00:35] [#]} ({Black should try} 39... Kxg6 $14 40. Qc2+ Kg7) 40. e6 $2 ({White must play} 40. Qd7+ $1 $18 Kf8 41. e6 (41. Qxa7 Qxa2+ 42. Kg1 Qa1+ 43. Kg2 Qa2+ 44. Kf3 Qe6 $11) (41. Qd8+ Kg7 $16) 41... Qb2+ 42. Kf3 Qf6+ 43. Ke4) 40... Qe7 {[%emt 0:00:39] The position is equal.} 41. Qd4+ Qf6+ 42. Nf5+ $1 gxf5 43. Qd7+ Kf8 {[%emt 0:00:00] White must now prevent ...Qe7.} 44. Qc8+ Ke7 45. Qd7+ Kf8 {[%emt 0:00:00] ...Qe7 is the strong threat.} 46. Qc8+ Kg7 47. Qd7+ {[%emt 0:00:00] Weighted Error Value: White=0.50/Black=0.43} 1/2-1/2

[Event "FIDE WY-U16 Olympiad 2022"]
[Site "Nakhchivan"]
[Date "2022.10.03"]
[Round "2.22"]
[White "Chen, Rachel Ruoxuan"]
[Black "Isfandiyarli, Kamal"]
[Result "1/2-1/2"]
[ECO "B27"]
[WhiteElo "1783"]
[BlackElo "1585"]
[Annotator "COMBH"]
[PlyCount "65"]
[EventDate "2022.10.02"]
[EventType "team-tourn"]
[EventCountry "AZE"]
[TimeControl "40/5400+30:1800+30"]

1. e4 c5 2. Nf3 g6 3. d4 cxd4 4. Qxd4 Nf6 5. Nc3 Nc6 6. Qa4 d6 7. e5 dxe5 8. Nxe5 Bd7 9. Nxd7 Qxd7 10. Bf4 Bg7 11. Bc4 Nh5 12. Be3 O-O 13. Rd1 Bxc3+ 14. bxc3 Qc7 15. O-O Nf6 16. Bf4 Qa5 17. Qb3 Qf5 18. Bh6 Na5 19. Qb4 Rfc8 20. Bb5 a6 21. Bd3 Qh5 22. Qxe7 Qxh6 23. Qxf6 Qg7 24. Qd4 Rxc3 25. Qb4 Qe5 26. Rfe1 Qc5 27. Qxc5 Rxc5 28. Rb1 Rc7 29. g3 Rd8 30. Rb6 Rd4 31. Re4 Rcd7 32. Kg2 Kg7 33. Kf3 1/2-1/2

[Event "FIDE WY-U16 Olympiad 2022"]
[Site "Nakhchivan"]
[Date "2022.10.03"]
[Round "2.23"]
[White "Nurmanova, Alua"]
[Black "Bargan, Victoria"]
[Result "1-0"]
[ECO "B12"]
[WhiteElo "2188"]
[BlackElo "1720"]
[Annotator "TA"]
[PlyCount "41"]
[EventDate "2022.10.02"]
[EventType "team-tourn"]
[EventCountry "AZE"]
[SourceTitle "playchess.com"]
[Source "ChessBase"]
[SourceQuality "1"]
[WhiteTeam "Kazakhstan"]
[BlackTeam "Moldova"]
[WhiteTeamCountry "KAZ"]
[BlackTeamCountry "MDA"]
[TimeControl "40/5400+30:1800+30"]

1. e4 c6 2. d4 d5 3. e5 Bf5 4. h4 h5 5. Bd3 Bxd3 6. Qxd3 e6 7. Bg5 {[%emt 0:00:07] B12: Caro-Kann: Advance Variation.} Qb6 8. Nd2 {[%emt 0:00:09] Active counter play!} c5 9. c4 {[%emt 0:01:01][%cal Bc2c4,Bc4d5,Bd5d6][%mdl 32] The position is equal.} Qxb2 10. Rd1 {[%emt 0:00:44] [#] cxd5 is the strong threat.} (10. Rb1 $5 Qxd4 11. Qxd4 cxd4 12. Ngf3 $11) 10... Qxd4 11. Qb3 {[%emt 0:03:03] Black must now prevent Ngf3.} Qxe5+ 12. Ne2 $1 Qc7 {[%emt 0:04:07] Hoping for ...d4.} 13. cxd5 e5 {[%emt 0:20:31][%mdl 8192] [#] A mistake that costs the game.} (13... exd5 $14 14. Qxd5 Nd7) 14. Nc3 $146 ({Predecessor:} 14. Nc4 Nd7 15. Nc3 a6 16. d6 Qc6 17. Nd5 Rc8 18. Na5 {1-0 (18) Djukic,N (2552)-Kalezic,B (2450) Podgorica 2019}) 14... f6 15. d6 Qd7 16. Nb5 {[%emt 0:15:02] Threatens to win with Nc7+.} Na6 {[%emt 0:05:37] Prevents Nc7+.} 17. Be3 O-O-O (17... Nh6 {was called for.} 18. Ne4 Nf7) 18. Qa4 {[%emt 0:07:48] aiming for Nc4.} Kb8 $2 {[%emt 0:04:12] [#]} (18... Bxd6 $2 19. Ne4 Qg4 20. Rxd6 $18) (18... Ne7 19. dxe7 Bxe7) 19. Bxc5 $1 $18 {[%emt 0:00:36][%mdl 512] White is clearly winning.} Nh6 (19... Ne7 20. Bxa7+) 20. Bxa7+ Ka8 21. Nc4 {[%emt 0:00:13] Weighted Error Value: White=0.39/Black=0.70} 1-0

[Event "FIDE WY-U16 Olympiad 2022"]
[Site "Nakhchivan"]
[Date "2022.10.03"]
[Round "2.23"]
[White "Rzayev, Murad"]
[Black "Zhao, Jeffrey Renfei"]
[Result "1-0"]
[ECO "E92"]
[WhiteElo "1699"]
[BlackElo "1807"]
[Annotator "COMBH"]
[PlyCount "111"]
[EventDate "2022.10.02"]
[EventType "team-tourn"]
[EventCountry "AZE"]
[TimeControl "40/5400+30:1800+30"]

1. d4 Nf6 2. c4 g6 3. Nc3 Bg7 4. e4 d6 5. Nf3 O-O 6. Be2 e5 7. d5 a5 8. O-O Na6 9. Bg5 h6 10. Bd2 Nh5 11. Qc1 Nf4 12. Bxf4 exf4 13. Qxf4 f5 14. exf5 Bxf5 15. Qd2 Qf6 16. Rad1 Rae8 17. Nd4 Bc8 18. Bf3 b6 19. Ne4 Qf7 20. Ng3 Nc5 21. Rfe1 Kh7 22. b3 Bd7 23. Ne4 Be5 24. Qc2 Qg7 25. Nxc5 bxc5 26. Nc6 Bxc6 27. dxc6 Rxf3 28. gxf3 Qf6 29. Re3 Rf8 30. Qe4 Qg7 31. Rd5 Rf4 32. Rxe5 dxe5 33. Qxe5 Qf7 34. Qe7 Rxf3 35. Qxf7+ Rxf7 36. Re5 a4 37. bxa4 Kg7 38. Rxc5 Kf8 39. a5 Rf3 40. Rb5 Ke7 41. Rb3 Rf5 42. Ra3 Rf8 43. Rd3 Ke6 44. Rd7 Ra8 45. Rxc7 Rxa5 46. Rh7 Rc5 47. c7 h5 48. a4 Kd6 49. a5 Rxc4 50. Kg2 Rxc7 51. Rxc7 Kxc7 52. Kf3 Kb7 53. Kf4 Ka6 54. Kg5 Kxa5 55. Kxg6 h4 56. f4 1-0

[Event "FIDE WY-U16 Olympiad 2022"]
[Site "Nakhchivan"]
[Date "2022.10.03"]
[Round "2.24"]
[White "Sustov, Savva"]
[Black "Akhilbay, Imangali"]
[Result "0-1"]
[ECO "B35"]
[WhiteElo "1957"]
[BlackElo "2098"]
[Annotator "TA"]
[PlyCount "70"]
[EventDate "2022.10.02"]
[EventType "team-tourn"]
[EventCountry "AZE"]
[TimeControl "40/5400+30:1800+30"]

1. e4 c5 2. Nf3 Nc6 3. d4 cxd4 4. Nxd4 g6 5. Nc3 Bg7 6. Be3 Nf6 7. Bc4 O-O 8. Bb3 Re8 {[%emt 0:01:48] B35: Sicilian: Accelerated Dragon with 5 Nc3: main line.} 9. f3 d5 10. exd5 Nb4 {[%emt 0:00:07][%cal Rb4d5] White has an edge.} 11. Nde2 e6 12. d6 Nbd5 13. Nxd5 exd5 14. Bd4 {[%emt 0:08:28] [#]} Nh5 $146 ({Predecessor:} 14... Qxd6 15. O-O Bd7 16. Rf2 Bh6 17. Nc3 Bc6 18. Re2 Nh5 19. g3 a5 20. a4 Ng7 {½-½ (37) Kaasen,T (2376)-Skrondal,I (2312) Larvik 2019}) 15. g3 {[%emt 0:19:50] Prevents Nf4.} (15. Bxg7 Nf4 16. Bd4 Rxe2+ 17. Qxe2 Nxe2 18. Kxe2 Qxd6 $15) 15... Bh6 (15... Qxd6 $5 16. Bxg7 Nxg7 $11) 16. Kf2 (16. Bxd5 Qxd6 17. Be3 Bf8 $15) 16... Qxd6 17. Nc3 (17. Kg1 Bh3 18. Qd3 Re7 $17) 17... Be6 18. Re1 Rad8 19. Nb5 Qd7 20. Nxa7 (20. a4 $1 $14) 20... b6 $11 ({Don't take} 20... Bh3 21. Qd3 $16 (21. Kg1 Rxe1+ 22. Qxe1 Re8 $11)) 21. Bxb6 {[%emt 0:04:43] Hoping for a4.} Ra8 {[%emt 0:05:37] White must now prevent ...Reb8.} 22. Qd4 {[%emt 0:02:32] Threatens to win with Ba4.} Bg7 23. Qc5 (23. Qa4 $1 $11 Qb7 24. Qc6) 23... Reb8 {[%emt 0:02:39] And now ...Qb7 would win.} 24. Nc6 Rb7 (24... Bf8 $17 25. Qb5 Ra6 26. Ne7+ (26. Qxa6 Qxc6 27. Kg2 Nf6 $15) 26... Qxe7 27. Qxa6 Qd6) 25. Nd8 Rc8 $17 26. Qa5 {[%emt 0:00:41] [#]} Rxb6 27. Qxb6 Rxd8 28. c3 Rc8 {[%emt 0:00:21][%mdl 1024] Black has strong compensation.} 29. Rad1 Bf8 $36 {[%emt 0:00:13][%mdl 2048] Strongly threatening ...Bc5+. Black is on the roll.} 30. Kg2 Bc5 31. Qa6 Bh3+ {[%emt 0:03:55] A strong pair of Bishops.} 32. Kh1 Qf5 (32... Qc7 $1 $15 33. Qe2 Nf6) 33. Qd3 $2 {[%emt 0:01:10][%mdl 8192] [#]} (33. Bxd5 $14 Nf6 34. g4) 33... Nxg3+ $1 {[%emt 0:00:25][%mdl 576] Clearance} 34. hxg3 Qh5 35. Re2 Bg4+ $1 {[%emt 0:00:07][%mdl 64] Discovered Attack.  Weighted Error Value: White=0.44/Black=0.20 (precise)} 0-1

[Event "FIDE WY-U16 Olympiad 2022"]
[Site "Nakhchivan"]
[Date "2022.10.03"]
[Round "2.24"]
[White "Jiang, Kate Yuhua"]
[Black "Imranli, Madina"]
[Result "1-0"]
[ECO "B22"]
[WhiteElo "1670"]
[BlackElo "1034"]
[Annotator "COMBH"]
[PlyCount "125"]
[EventDate "2022.10.02"]
[EventType "team-tourn"]
[EventCountry "AZE"]
[TimeControl "40/5400+30:1800+30"]

1. e4 c5 2. c3 d5 3. exd5 Qxd5 4. d4 Nc6 5. Nf3 Bg4 6. Be2 cxd4 7. cxd4 e6 8. Nc3 Bb4 9. O-O Qa5 10. Bd2 Nf6 11. a3 Be7 12. Be3 O-O 13. h3 Bh5 14. Qb3 Qc7 15. Rac1 a6 16. Rfd1 Rfd8 17. Na4 Nd5 18. g4 Nxe3 19. Qxe3 Bg6 20. Ne5 Rd6 21. Nc4 Rdd8 22. Ncb6 Rab8 23. d5 h6 24. dxc6 Bg5 25. Qf3 Bxc1 26. Rxc1 bxc6 27. Rxc6 Qe5 28. Qe3 Qxe3 29. fxe3 Rd2 30. Kf1 Rc2 31. Rxc2 Bxc2 32. Ke1 a5 33. Kd2 Be4 34. Nc4 Rd8+ 35. Kc3 Rc8 36. Kd4 Bg2 37. h4 Rd8+ 38. Kc5 Rc8+ 39. Kd4 Rd8+ 40. Kc3 Rc8 41. Nab6 Rc6 42. Kb3 Bd5 43. Ka4 Rc5 44. b4 Bc6+ 45. Kb3 axb4 46. axb4 Rb5 47. Kc3 Bd5 48. Nxd5 Rxd5 49. Bf3 Rd7 50. b5 Rd8 51. b6 Rb8 52. b7 Kf8 53. Ne5 Ke8 54. Bc6+ Kd8 55. Nxf7+ Kc7 56. Ne5 Kd6 57. Nd7 Kxc6 58. Nxb8+ Kxb7 59. Nd7 Kc6 60. Nf8 Kd5 61. Kd3 e5 62. e4+ Kd6 63. Kc4 1-0

[Event "FIDE WY-U16 Olympiad 2022"]
[Site "Nakhchivan"]
[Date "2022.10.03"]
[Round "2.25"]
[White "Southcott-Moyers, Indy"]
[Black "Soojay, Jorah"]
[Result "1/2-1/2"]
[ECO "E11"]
[WhiteElo "1952"]
[BlackElo "1573"]
[Annotator "TA"]
[PlyCount "79"]
[EventDate "2022.10.02"]
[EventType "team-tourn"]
[EventCountry "AZE"]
[SourceTitle "playchess.com"]
[Source "ChessBase"]
[SourceQuality "1"]
[WhiteTeam "England"]
[BlackTeam "South Africa"]
[WhiteTeamCountry "ENG"]
[BlackTeamCountry "RSA"]
[TimeControl "40/5400+30:1800+30"]

1. d4 Nf6 2. c4 e6 3. Nf3 Bb4+ 4. Bd2 Bxd2+ 5. Qxd2 b6 6. e3 Bb7 7. Nc3 O-O {[%emt 0:00:36] E11: Bogo-Indian.} 8. Be2 Qe7 9. O-O c5 10. Rfd1 d5 {[%emt 0:00:34] [#]} 11. cxd5 $146 ({Predecessor:} 11. Rac1 Nbd7 12. Ne5 Rfd8 13. Nxd7 Rxd7 14. cxd5 cxd4 15. Qxd4 Nxd5 16. Nxd5 Rxd5 17. Qf4 Rxd1+ 18. Rxd1 {0-1 (53) Kristovic,M (2336)-Jakovljevic,V (2385) Zagreb 2006}) 11... Nxd5 (11... exd5 {seems wilder.} 12. Qc2 Nc6 13. h3 Rac8) 12. Nxd5 Bxd5 13. dxc5 Qxc5 14. Rac1 Qe7 15. b3 (15. Qd4 $16) 15... Nc6 $14 16. Qb2 {[%emt 0:09:46][%cal Od1d5] [#] And now Rxd5! would win.} Na5 17. Nd4 Rac8 18. Rxc8 Rxc8 19. Rc1 Qd8 20. Rc3 Nb7 {[%emt 0:05:12] The position is equal.} 21. Qc1 Rxc3 22. Qxc3 Nd6 23. f3 Bb7 24. e4 e5 25. Nb5 Nxb5 26. Bxb5 $11 {[%emt 0:00:08][%mdl 4096] Endgame KQB-KQB} Qd6 27. Kf2 Kf8 28. b4 a6 29. Ba4 b5 30. Bb3 Bc6 31. a3 Ke7 32. g3 Bd7 33. h4 Be6 34. Bxe6 Kxe6 {[%emt 0:01:31] KQ-KQ} 35. Ke3 Kd7 36. Qd3 Qxd3+ 37. Kxd3 f6 38. Ke3 Ke6 39. Kf2 g5 40. h5 {[%emt 0:00:24] Weighted Error Value: White=0.06 (flawless) /Black=0.04 (flawless)} 1/2-1/2

[Event "FIDE WY-U16 Olympiad 2022"]
[Site "Nakhchivan"]
[Date "2022.10.03"]
[Round "2.26"]
[White "Manon, Reja Neer"]
[Black "Gonzalez Soler, Leduard Manuel"]
[Result "1-0"]
[ECO "B18"]
[WhiteElo "2107"]
[BlackElo "2251"]
[Annotator "NA RC"]
[PlyCount "37"]
[EventDate "2022.10.02"]
[EventType "team-tourn"]
[EventCountry "AZE"]
[SourceTitle "playchess.com"]
[Source "ChessBase"]
[SourceQuality "1"]
[WhiteTeam "Bangladesh"]
[BlackTeam "Cuba"]
[WhiteTeamCountry "BAN"]
[BlackTeamCountry "CUB"]
[TimeControl "40/5400+30:1800+30"]

1. e4 c6 2. d4 d5 3. Nc3 dxe4 4. Nxe4 Bf5 5. Ng3 Bg6 6. Bc4 e6 7. N1e2 Bd6 8. h4 h6 9. Nf4 Bh7 10. Ngh5 Kf8 11. Qg4 g6 12. Ng3 Nf6 13. Qf3 Kg7 14. Bd2 Nbd7 15. O-O-O e5 16. Nfh5+ Kg8 17. Nxf6+ Qxf6 18. Qg4 Qe7 19. Nf5 1-0

[Event "FIDE WY-U16 Olympiad 2022"]
[Site "Nakhchivan"]
[Date "2022.10.03"]
[Round "2.26"]
[White "Chang, Sebastian"]
[Black "Pal, Rohan"]
[Result "1-0"]
[ECO "B31"]
[WhiteElo "1430"]
[BlackElo "1913"]
[Annotator "TA"]
[PlyCount "87"]
[EventDate "2022.10.02"]
[EventType "team-tourn"]
[EventCountry "AZE"]
[TimeControl "40/5400+30:1800+30"]

1. e4 c5 2. Nf3 Nc6 3. Bb5 g6 4. Nc3 Bg7 5. d3 d6 6. h3 {[%emt 0:00:30] B30: Sicilian: 2...Nc6 3 Bb5, lines without ...g6.} e5 7. O-O Nge7 8. Nh2 {[%emt 0:05:06] [#] The position is equal.} Be6 $146 ({Predecessor:} 8... O-O 9. a4 f5 10. Bc4+ Kh8 11. Nf3 h6 12. Nd5 Be6 13. c3 Bf7 14. Bd2 Nxd5 15. Bxd5 Bxd5 16. exd5 {0-1 (43) Baglan,E (2333)-Csonka,B (2474) Chess.com INT 2022}) 9. Be3 O-O 10. Bxc6 Nxc6 11. Qd2 f5 12. exf5 Bxf5 (12... gxf5 $5 13. f4 Qe7 14. fxe5 dxe5 $15) 13. f4 b6 {[%emt 0:06:08] aiming for ...d5.} 14. fxe5 $1 Nxe5 15. Bh6 Qd7 16. Bxg7 Qxg7 17. Nf3 Rae8 18. Rae1 Nxf3+ 19. Rxf3 Bc8 20. Rxe8 Rxe8 21. Qf4 Rf8 (21... Re6 $11 {keeps the balance.}) 22. Qxf8+ ({Much worse is} 22. Qxd6 Rxf3 23. gxf3 Bxh3 $11) 22... Qxf8 23. Rxf8+ Kxf8 $16 {[%emt 0:00:11][%mdl 4096] Endgame KB-KN} 24. Nb5 $1 Ke7 25. Nxa7 Bd7 26. Kf2 d5 27. c4 {[%emt 0:00:26][%cal Bc2c4,Bc4b5][%mdl 32] Prevents b5.} Ke6 28. Nb5 {[%emt 0:03:18] Black must now prevent Nc7+.} Bxb5 {[%emt 0:00:41][%mdl 8192] [#] This move loses the game for Black.} (28... Ke5 $14) 29. cxb5 $14 {[%emt 0:00:20] KP-KP} Ke5 30. Ke3 g5 31. g3 d4+ 32. Kf3 h5 33. h4 (33. b3 $142 Kf5 34. g4+ hxg4+ 35. Kg3 gxh3 36. a4) 33... g4+ 34. Ke2 Kd5 35. Kd2 Kd6 36. Kc2 Ke5 37. Kb3 Kd5 38. a3 {[%emt 0:00:42][%cal Ba2a3,Ba3a4][%mdl 32] [#] Intending a4 and mate.} Kd6 39. Kc4 {[%emt 0:00:05] White mates.} Ke6 40. a4 Kd6 41. b3 Kc7 42. Kd5 Kb7 43. Kd6 Kb8 44. Kc6 {[%emt 0:00:03] Weighted Error Value: White=0.09 (flawless) /Black=0.46} 1-0

[Event "FIDE WY-U16 Olympiad 2022"]
[Site "Nakhchivan"]
[Date "2022.10.03"]
[Round "2.27"]
[White "Hernandez Izquierdo, Jose A."]
[Black "Sakline Mostafa, Sajid"]
[Result "1-0"]
[ECO "B40"]
[WhiteElo "2140"]
[BlackElo "2001"]
[Annotator "TA"]
[PlyCount "67"]
[EventDate "2022.10.02"]
[EventType "team-tourn"]
[EventCountry "AZE"]
[SourceTitle "playchess.com"]
[Source "ChessBase"]
[SourceQuality "1"]
[WhiteTeam "Cuba"]
[BlackTeam "Bangladesh"]
[WhiteTeamCountry "CUB"]
[BlackTeamCountry "BAN"]
[TimeControl "40/5400+30:1800+30"]

1. e4 c5 2. Nf3 e6 3. d4 cxd4 4. Nxd4 Nf6 5. Bd3 Nc6 6. Nxc6 bxc6 7. Nc3 d5 8. O-O Be7 9. Bf4 O-O 10. Qf3 {[%emt 0:01:14] [#] B40: Sicilian: 2...e6, Unusual lines.} g6 $146 ({Predecessor:} 10... Qb6 11. e5 Nd7 12. Na4 Qd4 13. b3 Nxe5 14. Bxh7+ Kxh7 15. Qh5+ Kg8 16. Qxe5 Qxe5 17. Bxe5 c5 {0-1 (44) Stojcevski,Z (2338)-Perunovic,M (2624) Skopje 2015}) 11. Bh6 Re8 12. Rfe1 {[%emt 0:01:18] The position is equal.} Rb8 13. Rab1 $132 {[%emt 0:11:09][%mdl 2048] White is fighting back} d4 14. e5 Nd7 15. Na4 Qc7 16. Qf4 c5 17. b3 Nb6 18. Nxb6 axb6 19. a4 Bb7 (19... Bd7 $11 {should be considered.}) 20. h4 $1 $14 Bf8 21. h5 Qd8 $2 {[%emt 0:04:15] [#] A mistake that costs the game.} (21... Bxh6 $11 22. Qxh6 Qe7) 22. Bg5 $1 $18 Be7 {[%emt 0:01:24] [#]} (22... Qc8 $142 23. Rbd1 Bd5) 23. Bf6 $1 Qc7 $2 (23... Bc6 {was necessary.} 24. f3 Bxf6 25. exf6 Rb7) 24. Qg5 Bf8 25. f3 Bd5 26. Kf2 c4 (26... Bg7 $142 27. Bxg7 Kxg7 28. Qf6+ Kg8) 27. bxc4 Bxc4 28. hxg6 fxg6 {[%emt 0:01:00] [#]} 29. Bxg6 $1 hxg6 (29... Bf1 30. Bxe8+) 30. Qxg6+ {[%emt 0:00:01] White mates.} Bg7 31. Rh1 Re7 32. Rh7 Bd3 33. cxd3 Qc2+ 34. Kg3 {[%emt 0:00:09] Weighted Error Value: White=0.03 (flawless) /Black=0.69} 1-0